 Dungeon Crawl Stone Soup version 0.28.0-1-gb440e238dd (webtiles) character file.

Game seed: 10611289459080034622

60527 CrazyMind the Severer (level 14, -7/129 HPs)
             Began as a Deep Dwarf Fighter on Feb 26, 2022.
             Was an Initiate of Makhleb.
             Killed from afar by Jorgrun (39 damage)
             ... with an iron shot
             ... on level 1 of the Orcish Mines on Feb 27, 2022.
             The game lasted 03:17:13 (24121 turns).

CrazyMind the Severer (Deep Dwarf Fighter)         Turns: 24121, Time: 03:17:13

Health: -7/129     AC: 20    Str: 26    XL:     14   Next: 57%
Magic:  5/5        EV: 10    Int:  8    God:    Makhleb [......]
Gold:   975        SH:  9    Dex: 12    Spells: 12/13 levels left

rFire   + . .      SeeInvis .   a - +2 war axe
rCold   . . .      Faith    .   c - +3 buckler
rNeg    + . .      Spirit   .   g - +0 plate armour
rPois   .          Reflect  .   h - +0 helmet
rElec   .          Harm     .   o - +1 cloak
rCorr   .          Rampage  .   K - +0 pair of gloves
Will    ++...                   (no boots)
Stlth   ..........              D - amulet of the acrobat
HPRegen 0.00/turn               i - +4 ring of evasion
MPRegen 0.09/turn               b - ring of protection from fire

@: grasped by roots, constricted
A: damage resistance, heal wounds, negative energy resistance 1, sense
surroundings 2, no regeneration
a: Heal Wounds, Renounce Religion


You were on level 1 of the Orcish Mines.
You worshipped Makhleb.
Makhleb was noncommittal.
You visited 4 branches of the dungeon, and saw 21 of its levels.
You also visited: Ice Cave.

You collected 1303 gold pieces.
You spent 328 gold pieces at shops.

Inventory:

Hand Weapons
 a - a +2 war axe (weapon)
Missiles
 j - 432 stones
 r - 8 poisoned darts (quivered)
 C - 4 throwing nets
Armour
 c - a +3 buckler (worn)
 g - a +0 plate armour (worn)
 h - a +0 helmet (worn)
 o - a +1 cloak (worn)
 K - a +0 pair of gloves (worn)
Jewellery
 b - a ring of protection from fire (right hand)
 i - a +4 ring of evasion (left hand)
 k - a ring of positive energy
 p - a +4 ring of evasion
 D - an amulet of the acrobat (around neck)
Wands
 B - a wand of iceblast (11)
 L - a wand of polymorph (2)
 M - a wand of paralysis (5)
Scrolls
 n - 7 scrolls of teleportation
 q - a scroll of silence
 s - 2 scrolls of fog
 t - a scroll of blinking
 E - 3 scrolls of fear
Potions
 d - a potion of ambrosia
 l - 9 potions of curing
 v - 2 potions of haste
 w - 2 potions of flight
 x - a potion of invisibility
 A - 2 potions of mutation
 H - 3 potions of heal wounds
 I - a potion of lignification
Miscellaneous
 e - a box of beasts


   Skills:
 + Level 9.0 Fighting
 + Level 15.5 Axes
 - Level 8.0 Throwing
 + Level 11.4 Armour
 + Level 6.7 Dodging
 + Level 9.6 Shields
 - Level 0.2 Translocations
 * Level 12.8 Invocations
 + Level 7.2 Evocations


You had 12 spell levels left.
You knew the following spells:

 Your Spells              Type           Power      Damage    Failure   Level
a - Apportation           Tloc           0%         N/A       99%         1

Your spell library contained the following spells:

 Spells                   Type           Power      Damage    Failure   Level
 Animate Skeleton         Necr           0%         N/A       99%         1
 Summon Small Mammal      Summ           0%         N/A       99%         1
 Corpse Rot               Necr/Air       0%         N/A       100%        2
 Poisonous Vapours        Pois/Air       0%         N/A       100%        2
 Conjure Flame            Conj/Fire      0%         6-21      100%        3
 Frozen Ramparts          Ice            0%         1d2       100%        3
 Ignite Poison            Fire/Tmut/Pois 0%         N/A       100%        3
 Mephitic Cloud           Conj/Pois/Air  0%         N/A       100%        3
 Animate Armour           Summ/Erth      0%         N/A       100%        4
 Fulminant Prism          Conj/Hex       0%         3d6       100%        4
 Ice Form                 Ice/Tmut       0%         N/A       100%        4
 Iskenderun's Mystic Bla  Conj/Tloc      0%         2d3       100%        4
 Olgreb's Toxic Radiance  Pois           0%         N/A       100%        4
 Sticky Flame             Conj/Fire      0%         2d3       100%        4
 Summon Ice Beast         Ice/Summ       0%         N/A       100%        4
 Blade Hands              Tmut           0%         N/A       100%        5
 Freezing Cloud           Conj/Ice/Air   0%         6-21      100%        5
 Lee's Rapid Deconstruct  Erth           0%         3d5*      100%        5
 Summon Mana Viper        Hex/Summ       0%         N/A       100%        5
 Iron Shot                Conj/Erth      0%         9d1       100%        6
 Ozocubu's Refrigeration  Ice            0%         4d5       100%        7
 Ignition                 Fire           0%         3d3       100%        8


Dungeon Overview and Level Annotations

Branches:
Dungeon (13/15)            Temple (1/1) D:6            Lair (6/6) D:10
  Swamp (0/4) Lair:4       Spider (0/4) Lair:3        Slime (0/5) Lair:5
    Orc (1/2) D:9           IceCv (visited)
 Vaults: D:13-14

Altars:
Ashenzari
Cheibriados
Dithmenos
Elyvilon
Fedhas
Gozag
Hepliaklqana
Kikubaaqudgha
Makhleb
Nemelex Xobeh
Okawaru
Qazlal
Ru
Sif Muna
Trog
Uskayaw
Vehumet
Wu Jian
Xom
Yredelemnul
Zin
The Shining One

Shops:
D:7 ?   D:13 *

Annotations:
D:4 1 runed translucent door, ShadedSkies's ghost, amateur DrCj
D:6 2 runed translucent doors, Crazy Yiuf; RamboRex's ghost, novice GrFi
Lair:1 3 runed translucent doors, exclusion: downstairs, hitsuchi's ghost, journeyman PaAK
Lair:4 2 transporters, Tutankhamun's ghost, journeyman SpHu
Lair:5 2 transporters, Mumum's ghost, journeyman DrFE
Lair:6 1 runed translucent door
Orc:1 Jorgrun


Innate Abilities, Weirdness & Mutations

You are resistant to damage.
You can heal yourself by infusing magical energy.
You resist negative energy. (rN+)
You passively map the area around you.
You do not regenerate.


Message History

Elyvilon blocks your attack. The orc warrior barely misses you.
You block Jorgrun's attack.
You barely miss Jorgrun.
Jorgrun is lightly wounded.
You slash the orc warrior! The orc warrior closely misses you.
You slice Jorgrun!!
Jorgrun is moderately wounded.
You hit the orc warrior but do no damage.
Jorgrun gestures at you while chanting.
Roots burst forth from the earth!
The grasping roots grab you! The grasping roots constrict you.
You block the orc warrior's attack.
You slash Jorgrun!
Jorgrun is heavily wounded.
You hit the orc warrior. You slash the orc!
You kill the orc!
Makhleb accepts your kill. Jorgrun hits you but does no damage.
Jorgrun shatters you. The grasping roots constrict you.
You block the orc warrior's attack.
You slash Jorgrun!
Jorgrun is heavily wounded.
You hit the orc warrior. Jorgrun hits you but does no damage.
The grasping roots constrict you!
You hit Jorgrun.
Jorgrun is heavily wounded.
You hit the orc warrior.
The orc warrior hits you with a +0 battleaxe!
* * * LOW HITPOINT WARNING * * *
You miss Jorgrun.
Jorgrun is heavily wounded.
You hit the orc warrior but do no damage.
Jorgrun hits you but does no damage. The grasping roots constrict you!
* * * LOW HITPOINT WARNING * * *
The orc warrior hits you with a +0 battleaxe.
You hit Jorgrun.
Jorgrun is heavily wounded.
You hit the orc warrior but do no damage.
Jorgrun casts a spell at you. The iron shot hits you!!!
You die...

##.## *#. ####
#...# *..##*#..##
#...# *
....##...###...## *
#>.......#..#..## ,
##...##....<#...##
*
#................#
**
....##....##o).#.##
***##.##
##...##@..# , *##
###....##g.#.#*
##......##.#.## ,,
#...###.....## ,, *
##.>.#.o.#.# ,
##.....#.##
##....## ,, #.....#
#..#g$.#*


You could see Jorgrun and an orc warrior.

Vanquished Creatures
  Kirke (Lair:5)
  Harold (D:7)
  A vault guard (D:13)
  2 boulder beetles
  2 two-headed ogres
  A tengu warrior (D:12)
  Nergalle (Lair:4)
  A lindwurm (Lair:6)
  A deep elf pyromancer (D:12)
  A deep elf archer (D:12)
  3 cyclopes
  2 wolf spiders
  An ugly thing (D:12)
  A manticore (D:12)
  12 elephants
  A guardian serpent (Lair:6)
  5 black mambas
  7 torpor snails
  Joseph (D:10)
  2 gargoyles (D:12)
  16 cane toads
  3 rime drakes
  6 komodo dragons
  A kobold demonologist (D:12)
  A freezing wraith (IceCv)
  An efreet (D:12)
  4 tyrant leeches (Lair:6)
  7 hornets (Lair:6)
  5 trolls
  3 polar bears
  6 slime creatures (D:12)
  2 dream sheep (Lair:2)
  13 blink frogs
  A culicivora (Lair:3)
  A vampire (D:12)
  A jumping spider (Lair:3)
  14 wyverns
  55 yaks
  3 basilisks
  Grum (D:9)
  A steam dragon (D:8)
  3 redbacks
  2 death yak simulacra
  Menkaure (D:5)
  21 water moccasins
  4 orc warriors
  A sky beast (D:5)
  A black bear (D:4)
  2 ogres
  17 wolves
  5 centaurs
  A phantom (D:6)
  2 kobold brigands
  14 bullfrogs
  3 cane toad simulacra
  A gnoll sergeant (D:12)
  2 scorpions
  7 killer bees
  A water moccasin skeleton (D:4)
  4 elephant simulacra (IceCv)
  18 wights
  3 howler monkeys
  5 centaur zombies
  2 hounds
  5 jellies (Lair:5)
  An orc priest (D:4)
  A bullfrog skeleton (D:4)
  A centaur skeleton (D:7)
  Natasha (thrice) (D:2)
  3 iguanas
  7 orc wizards
  A scorpion zombie (D:5)
  A spriggan simulacrum (IceCv)
  7 hell rats
  2 polar bear simulacra
  A troll simulacrum (IceCv)
  A killer bee zombie (D:5)
  2 wolf simulacra
  A hound skeleton (D:4)
  A howler monkey zombie (D:10)
  4 gnolls
  A howler monkey skeleton (D:5)
  8 adders
  2 white imps (IceCv)
  2 ufetubi
  A worm (D:2)
  8 dart slugs
  27 orcs
  8 endoplasms
  11 giant cockroaches
  13 goblins
  7 hobgoblins
  3 jackals (D:4)
  16 kobolds
  4 quokkas
  8 ball pythons
  5 bats
  5 frilled lizards
  A rat (D:3)
  A butterfly (Lair:5)
485 creatures vanquished.

Vanquished Creatures (others)
  An elephant (Lair:6)
  A black mamba (Lair:6)
  2 cane toads
  A hornet (Lair:6)
  3 humans (Lair:6)
  A wyvern (Lair:6)
  A water moccasin (Lair:6)
  76 fungi
  124 plants
210 creatures vanquished.

Grand Total: 695 creatures vanquished

Notes
Turn   | Place    | Note
-------+----------+-------------------------------------------
     0 | D:1      | CrazyMind the Deep Dwarf Fighter began the quest for the
                  | Orb.
     0 | D:1      | Reached XP level 1. HP: 20/20 MP: 1/1
   272 | D:1      | Reached XP level 2. HP: 27/27 MP: 2/2
  1092 | D:2      | Reached skill level 3 in Axes
  1092 | D:2      | Reached XP level 3. HP: 24/34 MP: 3/3
  1128 | D:2      | Noticed Natasha
  1181 | D:2      | Killed Natasha
  1252 | D:2      | You fall into a shaft and drop 1 floor!
  1285 | D:2      | Reached XP level 4. HP: 21/42 MP: 4/4
  1298 | D:2      | Noticed Natasha
  1326 | D:2      | Killed Natasha
  1378 | D:2      | Noticed Natasha
  1403 | D:2      | Killed Natasha
  1404 | D:2      | Reached skill level 4 in Axes
  1478 | D:2      | Reached XP level 5. HP: 18/49 MP: 4/4
  1513 | D:2      | Reached skill level 1 in Throwing
  1578 | D:2      | Found a faded altar of an unknown god.
  1862 | D:3      | Reached skill level 1 in Dodging
  2766 | D:4      | Reached XP level 6. HP: 39/56 MP: 5/5
  3050 | D:4      | Reached skill level 5 in Axes
  3344 | D:4      | Found a runed translucent door.
  3346 | D:4      | Noticed ShadedSkies's ghost (amateur DrCj)
  3446 | D:4      | Reached XP level 7. HP: 33/62 MP: 6/6
  3899 | D:5      | Entered Level 5 of the Dungeon
  3905 | D:5      | Reached skill level 5 in Armour
  4411 | D:5      | Noticed Menkaure
  4416 | D:5      | Killed Menkaure
  4742 | D:5      | Reached skill level 6 in Axes
  4742 | D:5      | Reached XP level 8. HP: 48/72 MP: 7/7
  5173 | D:6      | Found a runed translucent door.
  5173 | D:6      | Noticed RamboRex's ghost (novice GrFi)
  5235 | D:6      | Reached skill level 5 in Shields
  5391 | D:6      | Found a staircase to the Ecumenical Temple.
  5505 | Temple   | Entered the Ecumenical Temple
  5716 | Temple   | Became a worshipper of Elyvilon the Healer
  5898 | D:6      | Found a runed translucent door.
  5899 | D:6      | Noticed Crazy Yiuf
  5979 | D:6      | Reached skill level 7 in Axes
  6365 | D:7      | Noticed Harold
  6530 | D:6      | Reached skill level 1 in Invocations
  6613 | D:7      | Reached * piety under Elyvilon
  6708 | D:7      | HP: 1/72 [Harold (19)]
  6710 | D:7      | Killed Harold
  6711 | D:7      | Reached skill level 8 in Axes
  6711 | D:7      | Gained mutation: You passively map the area around you.
                  | [Deep Dwarf growth]
  6711 | D:7      | Reached XP level 9. HP: 27/79 MP: 7/9
  6947 | D:7      | Found Halif's Magic Scroll Emporium.
  6950 | D:7      | Bought a scroll of teleportation for 36 gold pieces
  6950 | D:7      | Bought a scroll of fear for 42 gold pieces
  7442 | D:8      | Reached ** piety under Elyvilon
  7595 | D:8      | Found an iron altar of Okawaru.
  7647 | D:8      | Noticed a two-headed ogre
  7919 | D:8      | Reached skill level 9 in Axes
  8086 | D:8      | Killed a two-headed ogre
  8087 | D:8      | Reached skill level 5 in Fighting
  8087 | D:8      | Reached XP level 10. HP: 34/88 MP: 11/11
  8552 | D:9      | Reached *** piety under Elyvilon
  8582 | D:9      | Reached skill level 5 in Throwing
  8612 | D:9      | Reached skill level 5 in Invocations
  9072 | D:9      | Found a broken altar of Ashenzari.
  9231 | D:9      | Reached skill level 10 in Axes
  9252 | D:9      | Noticed Grum
  9430 | D:9      | Noticed a cyclops
  9641 | D:9      | Found a staircase to the Orcish Mines.
  9772 | D:9      | Noticed a two-headed ogre
  9932 | D:9      | Killed a cyclops
 10201 | D:10     | Entered Level 10 of the Dungeon
 10292 | D:10     | Reached skill level 11 in Axes
 10349 | D:10     | Noticed Joseph
 10364 | D:10     | Killed Joseph
 10365 | D:10     | Reached XP level 11. HP: 22/96 MP: 11/13
 10684 | D:9      | Killed a two-headed ogre
 10794 | D:10     | Found a staircase to the Lair.
 10800 | D:10     | Found a glowing silver altar of Zin.
 10859 | D:9      | Killed Grum
 11619 | D:11     | Reached skill level 5 in Dodging
 11671 | D:11     | Found a blossoming altar of Fedhas.
 11740 | D:11     | Noticed a boulder beetle
 11753 | D:11     | Killed a boulder beetle
 12460 | D:12     | Noticed Sonja
 12463 | D:11     | Pacified Sonja
 12657 | D:12     | Reached **** piety under Elyvilon
 12756 | Lair:1   | Entered Level 1 of the Lair of Beasts
 12756 | Lair:1   | Noticed hitsuchi's ghost (journeyman PaAK)
 12756 | Lair:1   | Found a runed translucent gate.
 12756 | Lair:1   | Found a runed translucent gate.
 12898 | Lair:1   | Found a runed translucent gate.
 12898 | Lair:1   | Noticed a ten-headed hydra
 12898 | Lair:1   | Noticed a ten-headed hydra
 13226 | Lair:1   | Reached skill level 12 in Axes
 13245 | Lair:1   | Reached XP level 12. HP: 27/106 MP: 10/13
 13673 | Lair:1   | Found a shimmering blue altar of Sif Muna.
 14913 | Lair:3   | Noticed a seven-headed hydra
 14914 | Lair:3   | Pacified a seven-headed hydra
 15271 | Lair:3   | Reached ***** piety under Elyvilon
 15305 | Lair:3   | Found a hole to the Spider Nest.
 15356 | Lair:3   | HP: 5/109 [poisoned by a wolf spider]
 15356 | Lair:3   | Elyvilon protects you from harm!
 15460 | Lair:3   | Reached skill level 13 in Axes
 15460 | Lair:3   | Reached skill level 10 in Invocations
 16285 | Lair:4   | Found a frozen archway.
 16292 | Lair:4   | HP: 1/109 [cane toad simulacrum (6)]
 16314 | IceCv    | Entered an ice cave
 16332 | IceCv    | Reached skill level 10 in Armour
 16381 | IceCv    | Elyvilon protects you from harm!
 16387 | IceCv    | Reached skill level 1 in Evocations
 16609 | IceCv    | HP: 1/109 [anaconda simulacrum (27)]
 16713 | Lair:4   | Noticed a five-headed hydra
 16714 | Lair:4   | Pacified a five-headed hydra
 16763 | Lair:3   | Reached XP level 13. HP: 33/115 MP: 9/9
 16910 | Lair:4   | Found a staircase to the Swamp.
 17111 | Lair:4   | Noticed Tutankhamun's ghost (journeyman SpHu)
 17118 | Lair:4   | Found a transporter.
 17120 | Lair:4   | Found a transporter.
 17414 | Lair:4   | Noticed Nergalle
 17434 | Lair:4   | Killed Nergalle
 18357 | Lair:5   | Noticed Mumum's ghost (journeyman DrFE)
 18364 | Lair:5   | Found a transporter.
 18533 | Lair:5   | Found a staircase to the Slime Pits.
 18562 | Lair:5   | Learned a level 1 spell: Apportation
 18743 | Lair:5   | Reached skill level 14 in Axes
 19172 | Lair:5   | Found a transporter.
 19207 | Lair:5   | Found a bloodstained altar of Trog.
 19332 | Lair:6   | Entered Level 6 of the Lair of Beasts
 19832 | Lair:6   | Reached skill level 5 in Evocations
 19846 | Lair:6   | Got the Disquisition on Creative Fire
 20492 | Lair:6   | Noticed Kirke
 20526 | Lair:5   | Killed Kirke
 20726 | Lair:6   | Gained mutation: You resist negative energy. (rN+) [Deep
                  | Dwarf growth]
 20726 | Lair:6   | Reached XP level 14. HP: 54/126 MP: 3/7
 21005 | Lair:6   | Found a runed translucent door.
 21066 | Lair:6   | Reached skill level 15 in Axes
 21963 | Lair:6   | Identified the +6 hand crossbow of Temperance {flame, rPois
                  | Int+2}
 22734 | D:12     | HP: 6/127 [deep elf archer (3)]
 22735 | D:12     | Elyvilon protects you from harm!
 23444 | D:13     | Found Suuteh's Assorted Antiques.
 23452 | D:13     | Bought a potion of heal wounds for 125 gold pieces
 23452 | D:13     | Bought a potion of heal wounds for 125 gold pieces
 23769 | Temple   | Fell from the grace of Elyvilon
 23769 | Temple   | Became a worshipper of Ru the Awakened
 23786 | Temple   | Fell from the grace of Ru
 23786 | Temple   | Became a worshipper of Makhleb the Destroyer
 24072 | Orc:1    | Entered Level 1 of the Orcish Mines
 24093 | Orc:1    | Noticed Jorgrun
 24121 | Orc:1    | Killed from afar by Jorgrun

Illustrated notes

Levels and vault maps discovered:
D:1:      evilmike_arrival_crescent, layout_loops_cross, serial_forest,
          infiniplex_forest_straight_5, infiniplex_forest_straight_2,
          infiniplex_forest_lined_2, infiniplex_forest_lined_2,
          infiniplex_forest_lined_3, infiniplex_forest_lined_3,
          minmay_strange_pillars
D:2:      layout_basic, chequers_ecumenical_altar_simple, minmay_misc_feat_rows,
          uniq_natasha
D:3:      layout_loops_cross
D:4:      layout_layer_cave, ebering_ghost_inner_flame,
          minmay_misc_feat_diagonals
D:5:      nicolae_BIG_FREAKIN_CUBE, layout_layer_cave, portal_sewer_entry_f,
          uniq_menkaure
D:6:      layout_loops_ring, minmay_temple_entry_water_ring,
          gammafunk_ghost_grave, uniq_crazy_yiuf_cottage
D:7:      layout_loops_ring, serial_shops, nicolae_shop_behind_doors,
          uniq_harold
D:8:      layout_loops_corners, okawaru_altar_gauntlet_db,
          minmay_fractal_squares_5
D:9:      layout_basic, nicolae_ashenzari_skybound, david_orc_2, uniq_grum
D:10:     layout_roguey, lemuel_doored_altar, david_lair_generic,
          enter_bailey_3, uniq_joseph
D:11:     layout_gridville, fedhas_altar_3
D:12:     minmay_chambers_of_sevens, layout_irregular_city, uniq_sonja
D:13:     layout_basic, ximxim_vaults_locker_room, serial_shops,
          nicolae_shop_stone, uniq_maurice
Temple:   mainiacjoe_temple_bowtie_tessellation
Lair:1:   layout_cave_shapes, basic_altar, gammafunk_ghost_hydra_chop,
          grunt_megastairs_3
Lair:2:   layout_cave_pods
Lair:3:   layout_layer_cave, spider_nest_entry_funnel_web,
          hangedman_lair_unloving_vines
Lair:4:   layout_long_grid, swamp_mist, portal_ice_cave_entry_ice_simulacra,
          gammafunk_ghost_hive, patterned_corridor, grunt_megastairs_2,
          serial_bayou_shore_a, uniq_nergalle
Lair:5:   layout_long_grid, nicolae_slime_entry_slimehenge,
          gammafunk_ghost_wrathful_warriors, amcnicky_mini_pool_medium,
          lemuel_fruit_fields
Lair:6:   hangedman_lair_tendril_chambers, layout_cave_pods, wormcave,
          uniq_kirke
Orc:1:    layout_diamond_mine, uniq_jorgrun

Skill      XL: |  1  2  3  4  5  6  7  8  9 10 11 12 13 14 |
---------------+-------------------------------------------+-----
Fighting       | 3 4 5 6 7 8 9 |  9.0
Axes           | 3 4 5 6 8 9 11 12 13 14 15 | 15.5
Armour         | 4 5 6 7 8 9 10 11 | 11.4
Throwing       | 1 2 4 5 7 8 |  8.0
Dodging        | 1 2 3 4 5 6 |  6.7
Shields        | 4 5 6 7 8 9 |  9.6
Invocations    | 3 4 6 8 10 11 12 | 12.8
Evocations     | 2 6 7 |  7.2
Translocations | |  0.2

Action                   |  1- 3 |  4- 6 |  7- 9 | 10-12 | 13-15 || total
-------------------------+-------+-------+-------+-------+-------++-------
Melee: War axe           |    65 |   186 |   290 |   776 |   849 ||  2166
Throw: Stone             |     6 |   129 |    38 |   120 |   156 ||   449
       Boomerang         |     8 |     3 |    34 |    91 |       ||   136
       Dart              |       |     9 |    35 |   107 |   173 ||   324
       Throwing net      |       |       |     1 |     1 |       ||     2
       Javelin           |       |       |       |     6 |     3 ||     9
 Cast: Apportation       |       |       |       |       |     1 ||     1
Invok: Heal Self         |       |       |       |    16 |    15 ||    31
       Heal Other        |       |       |       |    11 |    14 ||    25
       Purification      |       |       |       |     1 |     4 ||     5
 Abil: Heal Wounds       |       |     3 |     8 |    22 |    24 ||    57
Evoke: Wand              |       |       |     2 |    29 |    17 ||    48
       Box of beasts     |       |       |       |     1 |     1 ||     2
  Use: Potion            |       |     1 |     4 |     4 |     6 ||    15
       Scroll            |       |       |     9 |    12 |     7 ||    28
 Stab: Invisible         |       |       |     6 |     2 |       ||     8
       Held in net/web   |       |       |       |     1 |       ||     1
       Paralysed         |       |       |       |       |     3 ||     3
Armor: Scale mail        |    24 |    66 |       |       |       ||    90
       Chain mail        |       |     5 |   104 |   224 |   200 ||   533
       Plate armour      |       |       |       |       |    15 ||    15
Dodge: Dodged            |    27 |    81 |   173 |   452 |   425 ||  1158
Block: Buckler           |     8 |    44 |    66 |   231 |   320 ||   669
